 Dungeon Crawl Stone Soup version 0.29-a0-1016-g236c7fd91e (webtiles) character file.

Game seed: 16523476095193643914

3502 siradein the Fighter (level 10, -9/88 HPs)
             Began as a Ghoul Fighter on Aug 10, 2022.
             Was a Follower of Okawaru.
             Killed from afar by a raiju (12 damage)
             ... with a living lightning
             ... on level 1 of the Abyss.
             The game lasted 00:34:20 (11055 turns).

siradein the Fighter (Ghoul Fighter)               Turns: 11055, Time: 00:34:21

Health: -9/88      AC: 19    Str: 23    XL:     10   Next: 7%
Magic:  9/9        EV:  8    Int:  3    God:    Okawaru [*.....]
Gold:   600        SH: 11    Dex: 22    Spells: 9/9 levels left

rFire   . . .      SeeInvis .   F - +0 trident (protect)
rCold   + . .      Faith    +   o - +0 kite shield
rNeg    + + +      Spirit   .   k - +0 plate armour
rPois   ∞          Reflect  .   (no helmet)
rElec   .          Harm     .   (no cloak)
rCorr   .          Rampage  .   y - +2 pair of gloves
Will    .....                   b - +2 pair of boots
Stlth   ..........              c - amulet of faith
HPRegen 0.00/turn               u - +6 ring of dexterity
MPRegen 0.11/turn               A - +6 ring of dexterity

@: inhibited regen
A: claws 1, cold resistance 1, negative energy resistance 3, inhibited
regeneration, torment resistance 2, devour on kill
a: Renounce Religion, Heroism


You were on level 1 of the Abyss.
You worshipped Okawaru.
Okawaru was aware of your devotion.
You visited 2 branches of the dungeon, and saw 10 of its levels.
You visited the Abyss 1 time.

You collected 600 gold pieces.

Inventory:

Hand Weapons
 a - the +6 arbalest "Goblinbane" {elec, Fragile rPois Will+++ Stlth-}
   (You acquired it on level 1 of the Abyss)

   Any ammunition fired from it occasionally discharges a powerful burst of
   electricity upon striking a foe.
   rPois:     It protects you from poison.
   Fragile:   It will be destroyed if unequipped.
   Will:      It greatly increases your willpower.
   Stlth:     It makes you less stealthy.
 d - a +6 flail of protection
 F - a +0 trident of protection (weapon)
Missiles
 m - 85 stones
 z - 5 boomerangs (quivered)
Armour
 b - a +2 pair of boots (worn)
 k - a +0 plate armour (worn)
 o - a +0 kite shield (worn)
 y - a +2 pair of gloves (worn)
Jewellery
 c - an amulet of faith (around neck)
 g - a ring of protection from cold
 i - a ring of fire
 n - a +4 ring of evasion
 p - an amulet of regeneration
 u - a +6 ring of dexterity (left hand)
 x - a +6 ring of strength
 A - a +6 ring of dexterity (right hand)
Wands
 r - a wand of quicksilver (3)
Scrolls
 e - 6 scrolls of fear
 l - 2 scrolls of enchant weapon
 q - a scroll of magic mapping {unknown}
 s - 3 scrolls of teleportation {unknown}
 t - 2 scrolls of amnesia {unknown}
 w - a scroll of immolation {unknown}
 C - a scroll of summoning {unknown}
Potions
 f - a potion of flight
 h - 3 potions of brilliance
 j - a potion of heal wounds
 B - a potion of curing {unknown}
 D - 2 potions of haste {unknown}
 E - a potion of lignification {unknown}


   Skills:
 + Level 8.2 Fighting
 + Level 6.4 Polearms
 + Level 6.0 Armour
 + Level 5.2 Dodging
 + Level 6.1 Shields
 + Level 0.2 Invocations


You had 9 spell levels left.
You didn't know any spells.
Your spell library contained the following spells:

 Spells                   Type           Power      Damage    Failure   Level
 Dazzling Flash           Conj/Hex       0%         N/A       100%        3
 Inner Flame              Hex/Fire       0%         N/A       100%        3
 Cause Fear               Hex            0%         N/A       100%        4
 Passage of Golubria      Tloc           0%         N/A       100%        4
 Agony                    Necr           0%         N/A       100%        5
 Silence                  Hex/Air        0%         N/A       100%        5
 Yara's Violent Unravell  Hex/Tmut       0%         3d3       100%        5
 Discord                  Hex            0%         N/A       100%        8
 Summon Small Mammal      Summ           Unusable   N/A       N/A         1
 Call Canine Familiar     Summ           Unusable   N/A       N/A         3
 Summon Guardian Golem    Hex/Summ       Unusable   N/A       N/A         3
 Tukima's Dance           Hex            Unusable   N/A       N/A         3

Dungeon Overview and Level Annotations

Branches:
Dungeon (9/15)             Temple (1/1) D:6
   Lair: D:8-11         Orc: D:9-12

Altars:
Cheibriados
Fedhas
Gozag
Kikubaaqudgha
Okawaru
Qazlal
Sif Muna
Xom
Yredelemnul

Shops:
D:3 =   D:4 (   D:5 *

Annotations:
D:8 2 runed translucent doors, seaofthunder's ghost, novice HOFi
D:9 Joseph; Psyche


Innate Abilities, Weirdness & Mutations

You are immune to poison.
You have sharp fingernails.
Your flesh is cold resistant. (rC+)
You are immune to negative energy. (rN+++)
You do not regenerate when monsters are visible.
You are immune to unholy pain and torment.
You thrive by killing the living.


Message History

* * * LOW HITPOINT WARNING * * *
The living lightning hits the raiju.
The raiju completely resists.
The raiju blinks! x2; The raiju bites you but does no damage.
You miss the raiju.
The raiju is moderately wounded.
The raiju bites you but does no damage. You block the raiju's attack.
You puncture the raiju!
Your weapon exudes an aura of protection.
The raiju is heavily wounded.
The raiju bites you but does no damage.
The raiju bursts into living lightning!
The living lightning hits you!
* * * LOW HITPOINT WARNING * * *
The living lightning misses the raiju.
The raiju blinks!
You puncture the raiju!
The raiju is severely wounded.
The raiju bites you but does no damage. The raiju closely misses you.
The raiju bites you but does no damage.
You puncture the raiju!
The raiju is almost dead.
A tentacled starspawn comes into view.
The raiju bursts into living lightning!
The living lightning hits you!
* * * LOW HITPOINT WARNING * * *
The raiju blinks!
The raiju bites you but does no damage. x2
The raiju attacks as you move away! The raiju bites you but does no damage.
The raiju bursts into living lightning!
The living lightning hits you.
* * * LOW HITPOINT WARNING * * *
The raiju blinks!
The raiju closely misses you.
Unknown command.
Something appears at your feet!
A tentacle flies out from the starspawn's body!
You block the raiju's attack. x2
A starspawn tentacle comes into view.
a - the +6 arbalest "Goblinbane" {elec, Fragile rPois Will+++ Stlth-} The raiju bursts into living lightning!
The living lightning hits you!
You die...

... # .. #..##..# .#
..##..##..##...
............ .
.......X.. #. #..##..#
##. ##..##..##..##....
.................. .##
..##...@h...#....# .. .
..#.....h.........
............#.........#
. . .........#.h#.....#
.. .........#...#..## #
. . ...........###..#
..#............# ... ..
.. .....∩......# .#
...# .. ..........##


You could see 3 raiju.

Vanquished Creatures
  A deep elf pyromancer (D:8)
  Sigmund (D:4)
  Menkaure (D:5)
  A steam dragon (D:7)
  4 orc warriors
  3 ice beasts
  A black bear (D:3)
  An ogre (D:4)
  2 centaurs
  A phantom (D:6)
  2 necrophages (D:5)
  A gnoll sergeant (D:5)
  2 scorpions
  3 wights (D:8)
  5 howler monkeys
  2 hounds
  4 jellies
  5 orc priests
  A gnoll bouda (D:8)
  3 iguanas (D:4)
  11 orc wizards
  6 adders
  7 gnolls
  2 shadow imps
  An ufetubus (D:7)
  4 worms
  5 dart slugs
  35 orcs
  14 ball pythons
  5 bats
  12 endoplasms
  6 giant cockroaches
  9 goblins
  7 hobgoblins
  2 jackals (D:1)
  3 quokkas
  2 frilled lizards (D:2)
  8 kobolds
  2 rats
185 creatures vanquished.

Vanquished Creatures (others)
  10 fungi (D:5)
  2 starspawn tentacles (Abyss:1)
12 creatures vanquished.

Grand Total: 197 creatures vanquished

Notes
Turn   | Place    | Note
-------+----------+-------------------------------------------
     0 | D:1      | siradein the Ghoul Fighter began the quest for the Orb.
     0 | D:1      | Reached XP level 1. HP: 19/19 MP: 0/0
   201 | D:1      | Reached XP level 2. HP: 25/26 MP: 1/1
   327 | D:1      | Reached XP level 3. HP: 10/33 MP: 2/2
   329 | D:1      | Reached skill level 4 in Fighting
  1437 | D:2      | Reached XP level 4. HP: 41/41 MP: 3/3
  2101 | D:2      | Found a faded altar of an unknown god.
  2352 | D:3      | Noticed a black bear
  2637 | D:2      | Reached XP level 5. HP: 15/47 MP: 4/4
  2857 | D:2      | Reached skill level 5 in Fighting
  3112 | D:3      | Found Qedaul's Jewellery Shop.
  3332 | D:3      | Killed a black bear
  3333 | D:3      | Reached skill level 1 in Dodging
  3333 | D:3      | Reached XP level 6. HP: 19/56 MP: 5/5
  3559 | D:3      | Found a blossoming altar of Fedhas.
  3897 | D:4      | Found an opulent altar of Gozag.
  4360 | D:4      | Found Mupio's Weapon Emporium.
  4518 | D:4      | Reached XP level 7. HP: 40/61 MP: 6/6
  4717 | D:4      | Noticed Sigmund
  4741 | D:4      | Killed Sigmund
  5112 | D:4      | Identified the +3 ring mail of the Sacrificial Victim {Fly
                  | rElec Will- Regen+}
  5339 | D:5      | Entered Level 5 of the Dungeon
  5539 | D:5      | Reached skill level 6 in Fighting
  5588 | D:5      | Reached XP level 8. HP: 70/70 MP: 7/7
  5626 | D:5      | Found Buol's Assorted Antiques.
  6030 | D:5      | Noticed Menkaure
  6041 | D:5      | Killed Menkaure
  6345 | D:6      | Reached skill level 5 in Polearms
  6579 | D:6      | Reached XP level 9. HP: 72/78 MP: 8/8
  6677 | D:6      | Found a staircase to the Ecumenical Temple.
  6716 | Temple   | Entered the Ecumenical Temple
  6814 | Temple   | Became a worshipper of Warmaster Okawaru
  7183 | Temple   | Reached skill level 7 in Fighting
  7194 | Temple   | Reached skill level 5 in Shields
  7207 | D:6      | Reached skill level 5 in Armour
  7452 | D:6      | Identified a scroll of acquirement
  8070 | D:7      | Reached * piety under Okawaru
  9367 | D:8      | Noticed a deep elf pyromancer
  9390 | D:8      | Killed a deep elf pyromancer
  9391 | D:8      | Reached skill level 8 in Fighting
  9391 | D:8      | Reached skill level 5 in Dodging
  9745 | D:8      | Reached XP level 10. HP: 88/88 MP: 9/9
 10290 | D:8      | Found a large runed translucent door.
 10290 | D:8      | Found a large runed translucent door.
 10295 | D:8      | Noticed seaofthunder's ghost (novice HOFi)
 10513 | D:9      | Noticed Psyche
 10545 | D:9      | Noticed Joseph
 10628 | D:9      | HP: 2/88 [Joseph/+1 quarterstaff of distortion (20)]
 10990 | Abyss:1  | Cast into level 1 of the Abyss (Joseph)
 11050 | Abyss:1  | Noticed a tentacled starspawn
 11051 | Abyss:1  | HP: 3/88 [raiju/living lightning (3)]
 11054 | Abyss:1  | Acquired the +6 arbalest "Goblinbane" {elec, Fragile rPois
                  | Will+++ Stlth-}
 11055 | Abyss:1  | Killed from afar by a raiju

Illustrated notes

Levels and vault maps discovered:
D:1:      zelgadis_glass_arrival_large, layout_basic, st_stairs_11,
          palyth_stone_intersect, minmay_tromino_v4_b
D:2:      minmay_alternating_diamond, layout_basic,
          shapermc_ecumenical_altar_petra, hangedman_feature_mirror,
          dreamdust_princess_bridge, grunt_decor_junction
D:3:      layout_basic, fedhas_altar_2, serial_shops,
          nicolae_shop_competitors_out_of_business
D:4:      layout_cave_pods, nicolae_gozag_seed_capital, serial_shops,
          nicolae_shop_bloodbath_and_beyond, lemuel_flame_loot_1, uniq_sigmund
D:5:      layout_basic, serial_shops, kennysheep_mini_moat, serial_aquarium,
          aquarium_bridge_island_small [aquarium_subvault_small_open,
          aquarium_subvault_wall, aquarium_subvault_wall,
          aquarium_subvault_bridge, aquarium_subvault_bridge],
          aquarium_bridge_straight [aquarium_subvault_bridge,
          aquarium_subvault_wall, aquarium_subvault_bridge,
          aquarium_subvault_wall], aquarium_window_fake, aquarium_window_corner,
          aquarium_view_2b, aquarium_view_2d, uniq_menkaure
D:6:      layout_loops_cross, minmay_temple_entry_junction_2
D:7:      layout_cave_pods
D:8:      layout_loops_corners, ebering_ghost_disaster_area,
          grunt_decor_one_mirror, nicolae_kite_square_tiling_tiny
D:9:      layout_cave_pools, minitemple, kennysheep_doodads, uniq_joseph,
          uniq_maggie, uniq_psyche
Temple:   dpeg_chambers_temple
Abyss:1:  base:
D:4

Skill      XL: |  1  2  3  4  5  6  7  8  9 10 |
---------------+-------------------------------+-----
Polearms       | 2 3 4 5 6 |  6.4
Fighting       | 4 5 6 8 |  8.2
Armour         | 3 4 5 6 |  6.0
Dodging        | 1 2 3 5 |  5.2
Shields        | 3 4 5 6 |  6.1
Invocations    | |  0.2

Action                   |  1- 3 |  4- 6 |  7- 9 | 10-12 || total
-------------------------+-------+-------+-------+-------++-------
Melee: Trident           |   131 |   218 |   108 |   104 ||   561
       Flail             |       |       |   198 |       ||   198
Throw: Boomerang         |       |       |       |     7 ||     7
Invok: Heroism           |       |       |       |     1 ||     1
Evoke: Wand              |       |       |       |     1 ||     1
  Use: Scroll            |       |     4 |     9 |     2 ||    15
       Potion            |       |       |     2 |       ||     2
Armor: Scale mail        |    47 |       |       |       ||    47
       Plate armour      |     1 |   126 |   204 |    79 ||   410
Dodge: Dodged            |    50 |   100 |   114 |    30 ||   294
Block: Buckler           |    25 |    30 |    82 |       ||   137
       Kite shield       |       |       |    56 |    49 ||   105

Table legend: (Time is in decaauts)
 A = Elapsed time spent in this place.
 B = Non-inter-level travel time spent in this place.
 C = Inter-level travel time spent in this place.
 D = Time resting spent in this place.
 E = Time spent auto-exploring this place.
 F = Levels seen in this place.
 G = Mean time per level.
                   A        B        C        D        E       F      G
               +--------+--------+--------+--------+--------+-----+--------+
         Total |  11243 |  10621 |    622 |    936 |   7847 |  11 | 1022.1 |
       Dungeon |  10814 |  10220 |    594 |    719 |   7739 |   9 | 1201.6 |
        Temple |    362 |    334 |     28 |    217 |     87 |   1 |  362.0 |
         Abyss |     66 |     66 |      0 |      0 |     21 |   1 |   66.0 |
               +--------+--------+--------+--------+--------+-----+--------+

Top non-repeatable levels by time:
     D:8: 2094 daAuts
     D:2: 1853 daAuts
     D:4: 1626 daAuts
     D:7: 1461 daAuts
     D:5: 1007 daAuts
     D:1: 1001 daAuts
     D:3: 926 daAuts
     D:6: 802 daAuts
  Temple: 362 daAuts
 Abyss:1: 66 daAuts
     D:9: 40 daAuts
